 Dungeon Crawl Stone Soup version 0.31-a0-192-ga50d7bf3bb (webtiles) character file.

Game seed: 16206886382826829934

63 qw the Shooter (level 3, -5/20 HPs)
             Began as a Deep Elf Hunter on June 23, 2023.
             Killed by divine providence
             ... invoked by an orc priest
              (14 damage)
             ... on level 3 of the Dungeon.
             The game lasted 00:00:33 (1526 turns).

qw the Shooter (Deep Elf Hunter)                    Turns: 1526, Time: 00:00:33

Health: -5/20      AC:  8    Str:  8 (10) XL:     3   Next: 87%
Magic:  5/5        EV:  8    Int: 11 (13) God:
Gold:   68         SH:  0    Dex: 16 (18) Spells: 2/2 levels left

rFire   . . .        Y - +0 shortbow
rCold   . . .        (shield currently unavailable)
rNeg    . . .        g - +0 scale mail
rPois   .            i - +1 helmet
rElec   .            (no cloak)
rCorr   .            (no gloves)
SInv    .            (no boots)
Will    .....        (no amulet) Stlth
                     (no ring)
HPRegen 0.23/turn    (no ring)
MPRegen 0.09/turn

%: no passive effects
@: no status effects
A: no striking features
a: no special abilities


You were on level 3 of the Dungeon.
You visited 1 branch of the dungeon, and saw 3 of its levels.

You collected 68 gold pieces.


   Skills:
 - Level 1.5 Fighting
 + Level 7.3 Ranged Weapons
 - Level 2.4 Dodging
 - Level 1.2 Stealth


You had 2 spell levels left.
You didn't know any spells.
Your spell library was empty.

Inventory:

Hand Weapons
 Y - a +0 shortbow (weapon)
Armour
 g - a +0 scale mail (worn)
 i - a +1 helmet (worn)
Scrolls
 a - 3 scrolls of identify
Potions
 e - a potion of haste
 j - a potion of might

Dungeon Overview and Level Annotations

Branches:
Dungeon (3/15)

Altars:


Message History

Enter note:
Enter note: Partly explored, can't reach some places.
1482 ||| DROPPING scarf of harm.
You drop a scarf of harm.
Partly explored, can't reach some places.
1483 ||| READING scroll labelled AXO TYZ VYCLI.
As you read the scroll labelled AXO TYZ VYCLI, it crumbles to dust.
You feel strangely unstable.
It was a scroll of teleportation.
You start waiting.
Your surroundings suddenly seem different.
Partly explored, can't reach some places.
(D) Dungeon
Where to? (* - list waypoints, Enter - D:2, ? - help)
What level of the Dungeon? (default 1, ? - help)
You see here a staff of air.
There is a stone staircase leading down here.
You climb downwards.
Found 12 gold pieces.
There is a stone staircase leading up here.
Waypoint 2 assigned to D:3.
You now have 68 gold pieces (gained 12).
An orc priest comes into view. It is wielding a +0 hand axe.
The orc priest shouts!
You shoot an arrow.
The arrow hits the orc priest but does no damage.
An orc comes into view. It is wielding a +0 hand axe.
You shoot an arrow. The arrow barely misses the orc priest.
The arrow barely misses the orc.
The orc shouts!
You hear a shout!
You hear an angry hiss.
The orc priest invokes the aid of Beogh against you.
Beogh smites you!
Ouch! That really hurt!
An orc comes into view. It is wielding a +0 flail.
An orc comes into view. It is wielding a +0 whip.
1526 ||| FLEEEEING.
The orc priest invokes the aid of Beogh against you.
Beogh smites you!
Ouch! That really hurt!
You die...

+ #.########
#....@...###.###
..##.............#
ooo......##.#######
o.######.##.####
#.#.....# #.#####.#
#.#####.# #.#<....#
#.#####.#


You could see an orc priest and an orc.

Vanquished Creatures
  2 adders (D:2)
  2 worms
  A dart slug (D:2)
  7 endoplasms
  2 goblins (D:1)
  3 hobgoblins (D:1)
  2 quokkas
  7 ball pythons
  4 bats (D:1)
  3 frilled lizards (D:1)
  3 kobolds (D:1)
  A rat (D:1)
37 creatures vanquished.

Notes
Turn   | Place    | Note
-------+----------+-------------------------------------------
     0 | D:1      | qw the Deep Elf Hunter began the quest for the Orb.
     0 | D:1      | Reached XP level 1. HP: 12/12 MP: 3/3
     0 | D:1      | 0 ||| qw: Version: 0.3-a-9-g12657ce
     0 | D:1      | 0 ||| qw: Game counter: 4555
     0 | D:1      | 0 ||| qw: Always use a shield: true
     0 | D:1      | 0 ||| qw: God list: Okawaru
     0 | D:1      | 0 ||| qw: Allow faded altars: false
     0 | D:1      | 0 ||| qw: Do Orc after D:15 true
     0 | D:1      | 0 ||| qw: Do second Lair branch before Depths: true
     0 | D:1      | 0 ||| qw: Lair rune preference: random
     0 | D:1      | 0 ||| qw: Plans: Normal
     0 | D:1      | 0 ||| PLANNING D:1-11
   343 | D:1      | Reached skill level 6 in Ranged Weapons
   343 | D:1      | Reached XP level 2. HP: 16/16 MP: 4/4
   891 | D:1      | 891 ||| UPGRADING to +0 scale mail.
   901 | D:1      | 901 ||| DROPPING +0 leather armour.
   902 | D:1      | 902 ||| UPGRADING to +1 helmet.
   907 | D:1      | 907 ||| READING 4 scrolls labelled GEUCUUSYFF.
   908 | D:1      | 908 ||| READING scroll labelled MUWE GYVEORGHESEUM.
   909 | D:1      | 909 ||| DRINKING 2 purple potions.
   910 | D:1      | 910 ||| READING 3 scrolls of identify.
   910 | D:1      | 910 ||| IDENTIFYING orange potion
   911 | D:1      | 911 ||| READING 2 scrolls of identify.
   911 | D:1      | 911 ||| IDENTIFYING brown potion
   912 | D:1      | 912 ||| DROPPING scroll of butterflies.
   913 | D:1      | 913 ||| DROPPING potion of degeneration.
   947 | D:2      | 947 ||| STAIRDANCE
   950 | D:1      | Reached XP level 3. HP: 15/20 MP: 5/5
  1072 | D:2      | Reached skill level 7 in Ranged Weapons
  1126 | D:2      | Found a faded altar of an unknown god.
  1482 | D:2      | 1482 ||| DROPPING scarf of harm.
  1483 | D:2      | 1483 ||| READING scroll labelled AXO TYZ VYCLI.
  1526 | D:3      | 1526 ||| FLEEEEING.
  1526 | D:3      | Killed from afar by an orc priest

Levels and vault maps discovered:
D:1:      dpeg_arrival_tiny_a, layout_loops_corners
D:2:      wander_river, layout_rooms, shapermc_ecumenical_altar_gd,
          kennysheep_nub
D:3:      layout_basic, mainiacjoe_overflow_surrounded_room, nicolae_the_louvre

Skill      XL: |  1  2  3 |
---------------+----------+-----
Ranged Weapons | 6 7 |  7.3
Fighting       | |  1.5
Dodging        | |  2.4
Stealth        | |  1.2

Action                     || total
---------------------------++-------
   Fire: Shortbow          ||   120
    Use: Scroll            ||     5
         Potion            ||     1
 Armour: Leather armour    ||     3
         Scale mail        ||    18
  Dodge: Dodged            ||    28

Table legend:
 A = Non-vault XP
 B = Vault XP
 C = Vault XP percentage of total XP
 D = Non-vault monster count
 E = Vault monster count
 F = Vault count percentage of total count
                 A         B        C        D         E       F
            +---------+---------+-------+---------+---------+-------
      Total |      90 |       0 |   0.0 |      37 |       0 |   0.0
            +---------+---------+-------+---------+---------+-------
        D:1 |      44 |       0 |   0.0 |      26 |       0 |   0.0
        D:2 |      46 |       0 |   0.0 |      11 |       0 |   0.0
            +---------+---------+-------+---------+---------+-------
